 Dungeon Crawl Stone Soup version 0.24.0-123-gd5b16e6ec5 (webtiles) character file.

Game seed: 10055833971911911016, levelgen mode: deterministic

88 Peloso the Shield-Bearer (level 4, -3/40 HPs)
             Began as a Minotaur Fighter on Feb 10, 2020.
             Slain by an orc priest
             ... wielding a +0 hand axe
              (5 damage)
             ... on level 2 of the Dungeon.
             The game lasted 00:02:03 (807 turns).

Peloso the Shield-Bearer (Minotaur Fighter)          Turns: 807, Time: 00:02:04

Health: -3/40      AC: 10    Str: 20    XL:     4   Next: 29%
Magic:  3/3        EV:  8    Int:  5    God:
Gold:   127        SH:  9    Dex: 11    Spells: 3/3 levels left

rFire    . . .     SeeInvis .   a - +0 long sword
rCold    . . .     Gourm    .   c - +0 shield
rNeg     . . .     Faith    .   b - +0 scale mail
rPois    .         Spirit   .   (helmet restricted)
rElec    .         Reflect  .   (no cloak)
rCorr    .         Harm     .   (no gloves)
MR       .....                  j - +2 pair of boots {Stlth+}
Stlth    +.........             (no amulet)
HPRegen  0.13/turn              (no ring)
MPRegen  0.08/turn              (no ring)

@: no status effects
A: retaliatory headbutt, horns 2
a: no special abilities


You were on level 2 of the Dungeon.
You were not hungry.

You visited 1 branch of the dungeon, and saw 2 of its levels.

You collected 127 gold pieces.

Inventory:

Hand Weapons
 a - a +0 long sword (weapon)
Armour
 b - a +0 scale mail (worn)
 c - a +0 shield (worn)
 j - a +2 pair of boots of stealth (worn)
Scrolls
 e - a scroll of enchant armour {unknown}
 h - a scroll of teleportation {unknown}
Potions
 d - a potion of might
 g - 2 potions of curing
 i - 2 potions of cancellation {unknown}
Comestibles
 f - 4 rations


   Skills:
 + Level 3.9 Fighting
 + Level 3.4 Long Blades
 + Level 4.5 Armour
 + Level 1.0 Dodging
 + Level 4.5 Shields


You had 3 spell levels left.
You didn't know any spells.
Your spell library was empty.

Dungeon Overview and Level Annotations

Branches:
Dungeon (2/15)

Altars:
Ashenzari
Gozag


Innate Abilities, Weirdness & Mutations

You reflexively headbutt those who attack you in melee.
You have a pair of horns on your head.


Message History

You barely miss the orc priest.
The orc priest is heavily wounded.
The orc priest completely misses you.
You riposte.
You hit the orc priest.
The orc priest is severely wounded.
The orc hits you but does no damage.
Unknown command.
Your shield and scale mail prevent you from hitting the orc priest.
The orc priest is severely wounded.
The orc priest hits you with a +0 hand axe!
* * * LOW HITPOINT WARNING * * *
You block the orc's attack.
Unknown command.
You hit the orc priest but do no damage.
The orc priest is severely wounded.
You block the orc's attack.
The orc priest hits you with a +0 hand axe.
* * * LOW HITPOINT WARNING * * *
You block the orc's attack.
The orc priest hits you with a +0 hand axe.
You die...

.....(.#.##.#....†_†.†...#
.........##.#.#.......#.##
#..###.####...#.......#.#
#..# #.# ###.##[....##.##
...# #.# #.####.####..# ..##
#.# #............# ..# #.#
####.####...##..# ..# #.#
#...#.###.<....##
..####.##.#....)@o...#######
..#......###...o#...........
.......##.#.###.#.##.>######
.#..#####..## #.#.##..#
.#..##.##..####.#.##..#
.#..#.#.#.........##..#
.....###..............#
....#.#...........###.#
..........†......# ##.##


You could see an orc priest and an orc.

Vanquished Creatures
  2 adders (D:2)
  3 oozes
  A worm (D:2)
  2 dart slugs (D:2)
  A leopard gecko (D:1)
  2 orcs (D:2)
  6 giant cockroaches
  3 goblins
  2 hobgoblins (D:1)
  3 jackals (D:2)
  6 kobolds
  8 bats
  3 frilled lizards
  5 rats
47 creatures vanquished.

Notes
Turn   | Place    | Note
-------+----------+-------------------------------------------
     0 | D:1      | Peloso the Minotaur Fighter began the quest for the Orb.
     0 | D:1      | Reached XP level 1. HP: 19/19 MP: 0/0
    67 | D:1      | Reached XP level 2. HP: 20/27 MP: 1/1
   426 | D:2      | Reached XP level 3. HP: 33/33 MP: 2/2
   492 | D:2      | Found an opulent altar of Gozag.
   506 | D:2      | Reached XP level 4. HP: 26/40 MP: 3/3
   621 | D:2      | Found a shattered altar of Ashenzari.
   799 | D:2      | Reached skill level 1 in Dodging
   807 | D:2      | HP: 2/40 [orc priest/+0 hand axe (2)]
   807 | D:2      | Slain by an orc priest

Levels and vault maps discovered:
D:1:      dpeg_arrival_rooms_c, layout_rooms, hangedman_abyss_or_decor_stabs
D:2:      layout_loops_ring, old_standard_altar, ashenzari_altar_1,
          minmay_joined_circles

Skill      XL: |  1  2  3  4 |
---------------+-------------+-----
Armour         | 4 |  4.5
Shields        | 4 |  4.5
Long Blades    | 3 |  3.4
Dodging        | 1 |  1.0
Fighting       | |  3.9

Action                   |  1- 3 |  4- 6 || total
-------------------------+-------+-------++-------
Melee: Long sword        |    52 |    35 ||    87
       Headbutt          |    12 |     9 ||    21
  Use: Potion            |     1 |       ||     1
Armor: Scale mail        |    30 |    29 ||    59
Dodge: Dodged            |    22 |    19 ||    41
Block: Shield            |    34 |    27 ||    61
       Rpst.: Long sword |    10 |     7 ||    17
